 Dungeon Crawl Stone Soup version 0.19.0-11-g3fc08b3 (webtiles) character file.

56 Baz the Caller (level 3, -6/24 HPs)
             Began as a Mummy Summoner on Nov 8, 2016.
             Mangled by a worm (9 damage)
             ... on level 2 of the Dungeon.
             The game lasted 00:05:12 (2623 turns).

Baz the Caller (Mummy Summoner)                     Turns: 2623, Time: 00:05:13

Health: -6/24      AC:  2    Str: 11    XL:     3   Next: 69%
Magic:  6/6        EV: 12    Int: 15    God:
Gold:   35         SH:  0    Dex: 12    Spells: 2 memorised, 3 levels left

rFire  x . .     SeeInvis .     j - +0 dagger (freeze)
rCold  + . .     Gourm    .     a - +0 robe
rNeg   + + +     Faith    .     (no shield)
rPois  ∞         Spirit   .     (no helmet)
rElec  .         Reflect  .     (no cloak)
rCorr  .         Harm     .     (no gloves)
MR     .....                    (no boots)
Stlth  ++........               (no amulet)
                                (no ring)
                                (no ring)

@: no status effects
A: no food or potions, fire vulnerability, cold resistance 1, negative energy
resistance 3, torment resistance, unbreathing
a: no special abilities


You were on level 2 of the Dungeon.
You were not hungry.

You visited 1 branch of the dungeon, and saw 2 of its levels.

You collected 35 gold pieces.

Inventory:

Hand Weapons
 j - a +0 dagger of freezing (weapon)
Armour
 a - a +0 robe (worn)
Jewellery
 d - a +2 ring of intelligence {unknown}
 e - an uncursed ring of protection from cold {unknown}
Scrolls
 f - 2 scrolls of identify {unknown}
 g - 2 scrolls of immolation {unknown}
 h - a scroll of noise {unknown}
 i - a scroll of remove curse {unknown}
Books
 b - a book of Callings

   Spells                             Type                      Level
   a - Summon Small Mammal            Summoning                    1
   b - Call Imp                       Summoning                    2
   c - Call Canine Familiar           Summoning                    3
   d - Summon Guardian Golem          Hexes/Summoning              3
   e - Summon Lightning Spire         Summoning/Air                4
   f - Summon Ice Beast               Ice/Summoning                4


   Skills:
 - Level 1.5 Dodging
 - Level 1.5 Stealth
 - Level 2.0 Spellcasting
 * Level 4.4 Summonings


You had 3 spell levels left.
You knew the following spells:

 Your Spells              Type           Power        Failure   Level  Hunger
a - Summon Small Mammal   Summ           ##..         4%          1    N/A
b - Call Imp              Summ           ##......     8%          2    N/A

Dungeon Overview and Level Annotations

Branches:
Dungeon (2/15)

Altars:


Innate Abilities, Weirdness & Mutations

You do not eat or drink.
Your flesh is vulnerable to fire.
You are immune to poison.
Your flesh is cold resistant. (rC+)
You are immune to negative energy. (rN+++)
You are immune to unholy pain and torment.
You can survive without breathing.


Message History

The worm closely misses you.
You hit the worm but do no damage.
The worm is severely wounded.
The worm completely misses you.
You hit the worm but do no damage.
The worm is severely wounded.
You barely miss the worm.
The worm is severely wounded.
The worm bites you!
* * * LOW HITPOINT WARNING * * *
You hit the worm. You freeze the worm.
The worm is severely wounded.
You hit the worm. You freeze the worm.
The worm is almost dead.
The worm bites you.
* * * LOW HITPOINT WARNING * * *
You hit the worm but do no damage.
The worm is severely wounded.
The worm bites you!
You die...

#### ...# #...
#..# #..#
######..#
......>.#
#######.###
#....@w...#
#.#.#########
#.#.#
##########.#.#
.........#.#.#
########.#.#.#
...#####.#.#.#
.#.)<....#.#.###
...†#..........#


You could see a worm.

Vanquished Creatures
  An adder (D:2)
  An ooze (D:1)
  2 leopard geckos (D:1)
  A giant cockroach (D:1)
  9 goblins
  2 hobgoblins (D:1)
  3 kobolds
  A ball python (D:1)
  6 bats (D:1)
  4 frilled lizards (D:1)
  6 rats
36 creatures vanquished.

Vanquished Creatures (collateral kills)
  A leopard gecko (D:1)
  A giant cockroach (D:1)
  A hobgoblin (D:1)
  A rat (D:1)
4 creatures vanquished.

Vanquished Creatures (others)
  A giant cockroach (D:1)
  A hobgoblin (D:1)
2 creatures vanquished.

Grand Total: 42 creatures vanquished

Notes
Turn   | Place    | Note
-------+----------+-------------------------------------------
     0 | D:1      | Baz the Mummy Summoner began the quest for the Orb.
     0 | D:1      | Reached XP level 1. HP: 13/13 MP: 3/3
   541 | D:1      | Reached XP level 2. HP: 16/19 MP: 5/5
   811 | D:1      | Learned a level 2 spell: Call Imp
  1275 | D:1      | Reached skill level 4 in Summonings
  2081 | D:1      | Reached XP level 3. HP: 21/24 MP: 6/6
  2623 | D:2      | Mangled by a worm

Skill      XL: |  1  2 |
---------------+-------+-----
Summonings     | 4 |  4.4
Dodging        | |  1.5
Stealth        | |  1.5
Spellcasting   | |  2.0

Action                   || total
-------------------------++-------
Melee: Dagger            ||   174
       Unarmed           ||     1
 Cast: Summon Small Mamm ||     5
       Call Imp          ||     5
 Stab: Distracted        ||     1
       Sleeping          ||     2
Armor: Robe              ||    40
Dodge: Dodged            ||   133
